 Dungeon Crawl Stone Soup version 0.30-a0-591-g3c58d2bc28 (webtiles) character file.

Game seed: 6803247821928047621

30 omnomnOMINOUS the Stinger (level 3, 0/25 HPs)
             Began as an Octopode Wanderer on Jan 5, 2023.
             Killed by divine providence
             ... invoked by an orc priest
              (10 damage)
             ... on level 2 of the Dungeon.
             The game lasted 00:01:05 (1040 turns).

omnomnOMINOUS the Stinger (Octopode Wanderer)       Turns: 1040, Time: 00:01:05

Health: 0/25       AC:  1    Str: 10    XL:     3   Next: 20%
Magic:  5/5        EV: 13    Int: 15    God:
Gold:   80         SH:  4    Dex: 13    Spells: 4/5 levels left

rFire   . . .      SeeInvis .    a - +0 short sword
rCold   . . .      Faith    .    b - +0 buckler
rNeg    . . .      Spirit   .    (helmet restricted)
rPois   .          Reflect  .    (no amulet)
rElec   .          Harm     .    (no ring)
rCorr   .          Rampage  .    (no ring)
Will    .....                    (no ring)
Stlth   ++                       (no ring)
HPRegen 0.24/turn                (no ring)
MPRegen 0.09/turn                (no ring)
                                 (no ring)
                                 (no ring)

@: no status effects
A: almost no armour, amphibious, 8 rings, camouflage 1, gelatinous body 1,
(nimble swimmer 1), tentacles
a: no special abilities


You were on level 2 of the Dungeon.
You visited 1 branch of the dungeon, and saw 2 of its levels.

You collected 80 gold pieces.

Inventory:

Hand Weapons
 a - a +0 short sword (weapon)
Armour
 b - a +0 buckler (worn)
Scrolls
 f - a scroll of magic mapping {unknown}
 g - a scroll of fog {unknown}
 i - 2 scrolls of identify {unknown}
Potions
 c - a potion of brilliance
 d - a potion of attraction {unknown}
 e - a potion of mutation {unknown}
 h - a potion of cancellation {unknown}


   Skills:
 + Level 2.4 Fighting
 - Level 1.0 Short Blades
 + Level 2.4 Dodging
 + Level 2.4 Shields
 + Level 1.5 Spellcasting
 - Level 2.4 Poison Magic


You had 4 spell levels left.
You knew the following spells:

 Your Spells              Type           Power      Damage    Failure   Level
a - Sting                 Tmut/Pois      16%        1d3       19%         1

Your spell library contained the following spells:

 Spells                   Type           Power      Damage    Failure   Level
 Poisonous Vapours        Pois/Air       8%         N/A       28%         2
 Spider Form              Tmut/Pois      4%         N/A       50%         3


Dungeon Overview and Level Annotations

Branches:
Dungeon (2/15)

Altars:


Innate Abilities, Weirdness & Mutations

You cannot wear most types of armour.
You are amphibious.
You can wear up to eight rings at the same time.
Your skin changes colour to match your surroundings (Stealth+).
Your rubbery body absorbs attacks. (AC +1, EV +1)
((You are camouflaged when in or above water. (Stealth+)))
You have tentacles for arms and can constrict up to eight enemies at once.


Message History

You constrict the orc.
The orc escapes!
The endoplasm freezes you.
You are frozen.
The orc hits you with a +0 mace.
You hit the orc.
You kill the orc!
The endoplasm misses you.
The orc priest invokes the aid of Beogh against you.
Beogh smites you!
You are too injured to fight recklessly!
You are too injured to fight recklessly!
You are too injured to fight recklessly!
You are too injured to fight recklessly!
You are too injured to fight recklessly!
You are too injured to fight recklessly!
You are too injured to fight recklessly!
You are too injured to fight recklessly!
You are too injured to fight recklessly!
You are too injured to fight recklessly!
You are too injured to fight recklessly!
You are too injured to fight recklessly!
You are too injured to fight recklessly!
You are too injured to fight recklessly!
You are too injured to fight recklessly!
You are too injured to fight recklessly!
You are too injured to fight recklessly!
You are too injured to fight recklessly!
You are too injured to fight recklessly!
You are too injured to fight recklessly!
You are too injured to fight recklessly!
You are too injured to fight recklessly!
Unknown command.
The orc attacks as you move away! The orc closely misses you.
The endoplasm barely misses you. The endoplasm attacks as you move away!
The endoplasm hits you but does no damage.
The orc attacks as you move away! The orc completely misses you.
The endoplasm attacks as you move away! The endoplasm hits you.
The orc priest invokes the aid of Beogh against you.
Beogh smites you!
You die...

.# ### .# ... ##### o#
#.##...# o#
######......# .#
........#...# .# #.#
#.##.#####o# #.#
###...†.J..o># #.#
####......@o....# #.#
#....####.####..#
#.###....###..:. ......
#.#.......##.....#..####
#.#..........###.#..#
#.#.......#### .#..#
###...#...#..# ...#
.....#.....#.# .##
.###.##.#..#.#


You could see an orc priest, 2 orcs and an endoplasm.

Vanquished Creatures
  A dart slug (D:1)
  An orc (D:2)
  2 endoplasms (D:1)
  A giant cockroach (D:2)
  5 goblins (D:1)
  3 hobgoblins
  2 jackals (D:1)
  A quokka (D:1)
  3 ball pythons
  2 bats
  2 frilled lizards (D:1)
  A rat (D:2)
24 creatures vanquished.

Notes
Turn   | Place    | Note
-------+----------+-------------------------------------------
     0 | D:1      | omnomnOMINOUS the Octopode Wanderer began the quest for the
                  | Orb.
     0 | D:1      | omnomnOMINOUS set off with the following items: a +0 short
                  | sword, a +0 buckler, a potion of brilliance; and the
                  | following spell memorised: Sting; and the following spells
                  | available to memorise: Poisonous Vapours, Spider Form.
     0 | D:1      | Reached XP level 1. HP: 14/14 MP: 2/2
   245 | D:1      | Reached XP level 2. HP: 17/19 MP: 3/3
   896 | D:2      | Reached XP level 3. HP: 19/25 MP: 5/5
  1040 | D:2      | Killed from afar by an orc priest

Illustrated notes

Levels and vault maps discovered:
D:1:      saegor_arrival_simple_a, layout_basic
D:2:      layout_loops_ring, basic_altar, serial_shops, nicolae_diamond_shop

Action                   || total
-------------------------++-------
Melee: Short sword       ||    51
       Constrict         ||    14
       Tentacles         ||     6
       Punch             ||     1
 Stab: Sleeping          ||     3
Armor: Skin              ||     2
Dodge: Dodged            ||    31
Block: Buckler           ||     4

Table legend: (Time is in decaauts)
 A = Elapsed time spent in this place.
 B = Non-inter-level travel time spent in this place.
 C = Inter-level travel time spent in this place.
 D = Time resting spent in this place.
 E = Time spent auto-exploring this place.
 F = Levels seen in this place.
 G = Mean time per level.
                   A        B        C        D        E       F      G
               +--------+--------+--------+--------+--------+-----+--------+
         Total |   1039 |   1018 |     21 |      0 |    879 |   2 |  519.5 |
       Dungeon |   1039 |   1018 |     21 |      0 |    879 |   2 |  519.5 |
               +--------+--------+--------+--------+--------+-----+--------+

Top non-repeatable levels by time:
     D:1: 889 daAuts
     D:2: 149 daAuts
